Blues vs Sabres
Created - April 21, 2019 at 19:48
Goals
|
Blues |
0 |
1 |
1 |
2 |
Sabres |
2 |
0 |
2 |
4 |
|
Shots
|
Blues |
7 |
10 |
12 |
29 |
Sabres |
7 |
13 |
7 |
27 |
|
1st period
1. Sabres , Zach Bogosian 15 (Zack Kassian 47, Ilya Kovalchuk 41) at 0:34 (PP)
2. Sabres , Zack Kassian 28 (Evander Kane 49) at 7:07
Penalties :
Alex Pietrangelo (STL) for Roughing (Minor) at 0:22
2nd period
3. Blues , Alex Pietrangelo 20 (Sam Gagner 34) at 2:21
Penalties :
Alex Pietrangelo (STL) for Hooking (Minor) at 4:23
3rd period
4. Blues , Sergei Shirokov 18 (Sam Gagner 35, Alex Pietrangelo 70) at 7:23 (PP)
5. Sabres , Ilya Kovalchuk 22 (Sean Monahan 10, Zack Kassian 48) at 13:13 (PP)
6. Sabres , Brandon Sutter 14 (Michael Frolik 39, Evander Kane 50) at 19:16 (Empty Net)
Penalties :
Alex Pietrangelo (STL) for Tripping (Minor) at 4:18, Mathew Dumba (Buf) for Tripping (Minor) at 6:45, Ilya Kovalchuk (Buf) for Holding (Minor) at 7:47, Nick Leddy (STL) for Holding (Minor) at 11:18, Patrick Kaleta (STL) for Delaying the game (Minor) at 13:05
Goalie Stats
Ray Emery (STL), 23 saves from 26 shots - (0.885), L, 6-6-1, 59:29 minutes
Robin Lehner (Buf), 27 saves from 29 shots - (0.931), W, 38-20-3, 60:00 minutes
Players Stats for Blues
Player Name G A P +/- PIM S H SB GA TA FO MP PP MP PK MP
------------------------------------------------------------------------------------
Alex Pietrangelo 1 1 2 -1 6 1 0 1 1 0 0/0 22:49 1:59 2:22
Brandon Yip 0 0 0 0 0 0 0 0 0 0 0/0 6:54 0:03 0:00
Bryce Lampman 0 0 0 0 0 3 2 2 0 3 0/0 23:19 0:38 4:18
Cody Ceci 0 0 0 0 0 0 0 0 0 1 0/0 15:12 0:00 2:06
David Perron 0 0 0 -2 0 1 2 0 0 0 0/1 19:26 1:27 0:10
Filip Forsberg 0 0 0 0 0 2 1 0 0 1 0/0 7:33 1:07 0:00
Jake Gardiner 0 0 0 -1 0 1 4 2 1 0 0/0 26:34 1:59 3:38
Jamie Benn 0 0 0 0 0 0 0 0 0 1 0/0 15:51 0:00 2:26
Jordan Eberle 0 0 0 -2 0 2 3 0 2 1 0/0 23:09 1:27 3:40
Maxim Lapierre 0 0 0 0 0 2 1 0 0 1 2/3 8:30 0:00 1:57
Nick Leddy 0 0 0 0 2 0 0 0 0 0 0/0 13:53 0:38 0:17
Nicklas Backstrom 0 0 0 -2 0 3 1 0 2 0 16/25 19:11 1:27 0:00
Patrick Kaleta 0 0 0 1 2 1 2 0 0 0 1/1 14:02 0:00 2:28
Sam Gagner 0 2 2 1 0 2 0 0 1 0 1/7 13:08 1:07 0:55
Sergei Shirokov 1 0 1 0 0 5 2 0 1 0 1/1 14:32 1:07 0:00
Ted Purcell 0 0 0 1 0 0 1 0 0 0 0/1 11:22 0:00 0:00
Travis Zajac 0 0 0 0 0 6 2 1 0 0 9/20 17:56 0:06 4:07
Yann Sauvé 0 0 0 0 0 0 3 0 0 1 0/0 18:30 0:00 3:11
Players Stats for Sabres
Player Name G A P +/- PIM S H SB GA TA FO MP PP MP PK MP
------------------------------------------------------------------------------------
Andrei Loktionov 0 0 0 0 0 1 1 0 0 0 10/22 20:41 3:53 0:19
Brad Richardson 0 0 0 0 0 0 0 0 0 0 0/0 0:23 0:02 0:00
Brandon Sutter 1 0 1 1 0 1 1 0 0 0 2/3 8:30 0:00 1:23
Darcy Hordichuk 0 0 0 0 0 0 0 0 0 0 1/2 15:32 0:00 0:00
Darren Reid 0 0 0 0 0 1 2 0 0 0 0/0 5:41 0:00 0:00
Evander Kane 0 2 2 1 0 3 3 0 1 0 0/0 19:44 3:53 0:15
Ilya Kovalchuk 1 1 2 0 2 3 0 0 2 0 2/3 21:00 4:03 0:00
Jared Cowen 0 0 0 2 0 0 0 1 0 1 0/0 19:21 3:33 0:54
Mathew Dumba 0 0 0 0 2 0 2 1 0 0 0/0 19:52 3:33 0:54
Matt Martin 0 0 0 0 0 3 2 0 0 0 1/1 12:39 0:00 1:27
Michael Frolik 0 1 1 1 0 4 0 0 2 2 1/1 20:44 3:51 0:00
Michael Kostka 0 0 0 1 0 0 1 1 0 1 0/0 20:07 4:23 1:43
Randy Jones 0 0 0 -1 0 0 3 3 0 0 0/0 20:04 0:00 0:00
Rob Scuderi 0 0 0 0 0 2 1 0 1 1 0/0 14:31 0:00 0:00
Sean Monahan 0 1 1 0 0 1 0 0 0 1 9/19 19:11 4:03 0:00
Vincent Lecavalier 0 0 0 0 0 1 0 0 1 0 3/8 12:39 0:00 0:55
Zach Bogosian 1 0 1 0 0 3 1 1 1 2 0/0 26:04 4:23 1:43
Zack Kassian 1 2 3 0 0 4 0 1 1 0 0/0 20:38 4:03 0:55
3 Stars
1 - Zack Kassian (Buf)
2 - Evander Kane (Buf)
3 - Brandon Sutter (Buf)
Power Play
Blues - 1 on 2 Attempt(s) - 50.00%
Sabres - 2 on 5 Attempt(s) - 40.00%
Penalty Kill
Blues - 3 on 5 Attempt(s) - 60.00%
- Score 0 goal in Penalty Kill
Sabres - 1 on 2 Attempt(s) - 50.00%
- Score 0 goal in Penalty Kill
Team Stat
Blues - Hits : 24 - Faceoff Wins : 30 - Blocked Shots : 6 - Penalty Minutes : 10
Sabres - Hits : 17 - Faceoff Wins : 29 - Blocked Shots : 8 - Penalty Minutes : 4
Official
Referees : Unknown
Linesman : Unknown
Game Notes
8:15 of 2nd period - Sabres goal is going for a video replay. After video review, No Goal. The goalkeeper has been pushed into the net together with the puck after making a save.
Brandon Sutter has scored in a empty net!
Finance
Level 1 -- Attendance: 5878 (97.97%) -- Ticket Income $523,142
Level 2 -- Attendance: 5000 (100.00%) -- Ticket Income $275,000
Level 3 -- Attendance: 1817 (90.85%) -- Ticket Income $63,595
Level 4 -- Attendance: 3327 (83.18%) -- Ticket Income $89,829
Luxury Box -- Attendance: 984 (98.40%) -- Ticket Income $154,488
Game was played at the Duff Garden.
Total Attendance: 17006 (94.48%)
Total Ticket Income: $1,106,054
Other Income: $165,908
Total Income: $1,271,962
Blues
5 vs 5 Forward
Center Left Wing Right Wing Time % Phy DF OF
1 Nicklas Backstrom David Perron Jordan Eberle 40 1 2 2
2 Travis Zajac Jamie Benn Sergei Shirokov 30 1 2 2
3 Sam Gagner Ted Purcell Patrick Kaleta 20 1 2 2
4 Maxim Lapierre Filip Forsberg Brandon Yip 10 1 2 2
5 vs 5 Defense
Defense Defense Time % Phy DF OF
1 Alex Pietrangelo Jake Gardiner 40 1 2 2
2 Bryce Lampman Yann Sauvé 30 1 2 2
3 Nick Leddy Cody Ceci 20 1 2 2
4 Jake Gardiner Bryce Lampman 10 1 2 2
PowerPlay Forward
Center Left Wing Right Wing Time % Phy DF OF
1 Nicklas Backstrom David Perron Jordan Eberle 60 1 2 2
2 Sam Gagner Filip Forsberg Sergei Shirokov 40 1 2 2
PowerPlay Defense
Defense Defense Time % Phy DF OF
1 Alex Pietrangelo Jake Gardiner 60 1 2 2
2 Nick Leddy Bryce Lampman 40 1 2 2
Penalty Kill 4 Players Forward
Center Wing Time % Phy DF OF
1 Travis Zajac Jordan Eberle 60 1 2 2
2 Maxim Lapierre Patrick Kaleta 40 1 2 2
Penalty Kill 4 Players Defense
Defense Defense Time % Phy DF OF
1 Alex Pietrangelo Bryce Lampman 60 1 2 2
2 Jake Gardiner Yann Sauvé 40 1 2 2
Penalty Kill - 3 Players Forward
Forward Time % Phy DF OF
1 Maxim Lapierre 60 1 2 2
2 Travis Zajac 40 1 2 2
Penalty Kill - 3 Players Defense
Defense Defense Time % Phy DF OF
1 Alex Pietrangelo Bryce Lampman 60 1 2 2
2 Jake Gardiner Yann Sauvé 40 1 2 2
4 vs 4 Forward
Center Wing Time % Phy DF OF
1 Nicklas Backstrom David Perron 60 1 2 2
2 Travis Zajac Jordan Eberle 40 1 2 2
4 vs 4 Defense
Defense Defense Time % Phy DF OF
1 Alex Pietrangelo Bryce Lampman 60 1 2 2
2 Jake Gardiner Yann Sauvé 40 1 2 2
Last Minutes Offensive
Center Left Wing Right Wing Defense Defense
Nicklas Backstrom David Perron Jordan Eberle Alex Pietrangelo Jake Gardiner
Last Minutes Defensive
Center Left Wing Right Wing Defense Defense
Travis Zajac Ted Purcell Jordan Eberle Yann Sauvé Bryce Lampman
Goaltenders
Starting : Ray Emery
Backup : Carey Price
Extra Forwards
Normal : Sam Gagner, Brandon Yip, Patrick Kaleta - PP : Travis Zajac, Brandon Yip - PK : Patrick Kaleta
Extra Defensemen
Normal : Nick Leddy, Cody Ceci, Jake Gardiner - PP : Nick Leddy - PK : Cody Ceci, Jake Gardiner
Penalty Shots
David Perron, Ted Purcell, Jordan Eberle, Nicklas Backstrom, Jamie Benn
Scratches
Matthew Spiller (Healthy)
Sabres
5 vs 5 Forward
Center Left Wing Right Wing Time % Phy DF OF
1 Andrei Loktionov Ilya Kovalchuk Michael Frolik 40 0 1 4
2 Sean Monahan Evander Kane Zack Kassian 30 0 1 4
3 Vincent Lecavalier Matt Martin Darcy Hordichuk 20 1 2 2
4 Brandon Sutter Darcy Hordichuk Darren Reid 10 0 2 3
5 vs 5 Defense
Defense Defense Time % Phy DF OF
1 Randy Jones Zach Bogosian 39 1 3 1
2 Jared Cowen Michael Kostka 30 1 3 1
3 Rob Scuderi Mathew Dumba 20 2 2 1
4 Rob Scuderi Mathew Dumba 11 2 2 1
PowerPlay Forward
Center Left Wing Right Wing Time % Phy DF OF
1 Sean Monahan Ilya Kovalchuk Zack Kassian 53 0 0 5
2 Andrei Loktionov Evander Kane Michael Frolik 47 1 0 4
PowerPlay Defense
Defense Defense Time % Phy DF OF
1 Zach Bogosian Michael Kostka 53 0 1 4
2 Jared Cowen Mathew Dumba 47 1 1 3
Penalty Kill 4 Players Forward
Center Wing Time % Phy DF OF
1 Brandon Sutter Matt Martin 55 1 4 0
2 Vincent Lecavalier Zack Kassian 45 1 4 0
Penalty Kill 4 Players Defense
Defense Defense Time % Phy DF OF
1 Michael Kostka Zach Bogosian 55 1 4 0
2 Mathew Dumba Jared Cowen 45 1 4 0
Penalty Kill - 3 Players Forward
Forward Time % Phy DF OF
1 Brandon Sutter 60 0 5 0
2 Darcy Hordichuk 40 0 5 0
Penalty Kill - 3 Players Defense
Defense Defense Time % Phy DF OF
1 Rob Scuderi Jared Cowen 60 1 4 0
2 Mathew Dumba Zach Bogosian 40 1 4 0
4 vs 4 Forward
Center Wing Time % Phy DF OF
1 Vincent Lecavalier Evander Kane 50 0 2 3
2 Andrei Loktionov Michael Frolik 50 0 1 4
4 vs 4 Defense
Defense Defense Time % Phy DF OF
1 Michael Kostka Randy Jones 50 0 4 1
2 Mathew Dumba Jared Cowen 50 0 4 1
Last Minutes Offensive
Center Left Wing Right Wing Defense Defense
Andrei Loktionov Evander Kane Michael Frolik Zach Bogosian Jared Cowen
Last Minutes Defensive
Center Left Wing Right Wing Defense Defense
Brandon Sutter Evander Kane Michael Frolik Zach Bogosian Jared Cowen
Goaltenders
Starting : Robin Lehner
Backup : Jonas Hiller
Extra Forwards
Normal : Brandon Sutter, Andrei Loktionov, Sean Monahan - PP : Ilya Kovalchuk, Sean Monahan - PK : Brandon Sutter
Extra Defensemen
Normal : Zach Bogosian, Randy Jones, Mathew Dumba - PP : Zach Bogosian - PK : Rob Scuderi, Randy Jones
Penalty Shots
Evander Kane, Michael Frolik, Vincent Lecavalier, Sean Monahan, Zack Kassian
Scratches
Jakub Kindl (Healthy), Josef Vasicek (Healthy), Scottie Upshall (Healthy), Sergei Samsonov (Healthy)
% Time on Ice - Blues
Lines # - Real PCT - Wanted PCT - Time Play
Normal Forward
1 - 36% - 40% - 17:41
2 - 28% - 30% - 13:32
3 - 23% - 20% - 11:22
4 - 13% - 10% - 6:26
Normal Defense
1 - 37% - 40% - 18:05
2 - 31% - 30% - 15:19
3 - 26% - 20% - 12:52
4 - 6% - 10% - 2:45
PP Forward
1 - 57% - 60% - 1:30
2 - 43% - 40% - 1:07
PP Defense
1 - 76% - 60% - 1:59
2 - 24% - 40% - 0:38
PK Forward
1 - 77% - 60% - 5:59
2 - 23% - 40% - 1:49
PK Defense
1 - 59% - 60% - 4:37
2 - 41% - 40% - 3:11
PK3 Forward
1 - 100% - 60% - 0:08
2 - 0% - 40% - 0:00
PK3 Defense
1 - 100% - 60% - 0:08
2 - 0% - 40% - 0:00
44 Forward
1 - 0% - 60%
2 - 0% - 40%
44 Defense
1 - 0% - 60%
2 - 0% - 40%
Last Minute Offensive - 0:26
Last Minute Defensive - 0:00
Total
Forward - 60:00
Defense - 60:00
|
% Time on Ice - Sabres
Lines # - Real PCT - Wanted PCT - Time Play
Normal Forward
1 - 34% - 40% - 16:26
2 - 32% - 30% - 15:43
3 - 23% - 20% - 11:12
4 - 12% - 10% - 5:41
Normal Defense
1 - 41% - 39% - 20:02
2 - 30% - 30% - 14:36
3 - 20% - 20% - 9:55
4 - 9% - 11% - 4:29
PP Forward
1 - 51% - 53% - 4:03
2 - 49% - 47% - 3:53
PP Defense
1 - 55% - 53% - 4:23
2 - 45% - 47% - 3:33
PK Forward
1 - 65% - 55% - 1:42
2 - 35% - 45% - 0:55
PK Defense
1 - 66% - 55% - 1:43
2 - 34% - 45% - 0:54
PK3 Forward
1 - 0% - 60%
2 - 0% - 40%
PK3 Defense
1 - 0% - 60%
2 - 0% - 40%
44 Forward
1 - 0% - 50%
2 - 0% - 50%
44 Defense
1 - 0% - 50%
2 - 0% - 50%
Last Minute Offensive - 0:00
Last Minute Defensive - 0:25
Total
Forward - 60:00
Defense - 60:00
|
Play-by-Play
1st period
0:01 of 1st period - Ilya Kovalchuk wins face-off versus Nicklas Backstrom in neutral zone.
0:22 of 1st period - Minor Penalty to Alex Pietrangelo for Roughing.
0:23 of 1st period - Sean Monahan wins face-off versus Travis Zajac in Blues zone.
0:28 of 1st period - Wrist shot by Ilya Kovalchuk.
0:28 of 1st period - Shot Misses the Net.
0:30 of 1st period - Wrist shot by Zack Kassian.
0:30 of 1st period - Shot Misses the Net.
0:32 of 1st period - Wrist shot by Zack Kassian.
0:32 of 1st period - Stopped by Ray Emery with a rebound.
0:34 of 1st period - Slapshot by Zach Bogosian.
0:34 of 1st period - Goal by Zach Bogosian - Blues : 0 - Sabres : 1.
0:35 of 1st period - Travis Zajac wins face-off versus Sean Monahan in neutral zone.
0:50 of 1st period - Slapshot by Travis Zajac.
0:50 of 1st period - Stopped by Robin Lehner without a rebound.
0:51 of 1st period - Darcy Hordichuk wins face-off versus Sam Gagner in Sabres zone.
1:04 of 1st period - Backhand shot by Patrick Kaleta.
1:04 of 1st period - Shot Blocked by Mathew Dumba.
1:06 of 1st period - Snap shot by Sam Gagner.
1:06 of 1st period - Deflect By Ted Purcell.
1:06 of 1st period - Shot Misses the Net.
1:06 of 1st period - Puck is out of play.
1:07 of 1st period - Maxim Lapierre wins face-off versus Andrei Loktionov in Sabres zone.
1:10 of 1st period - Snap shot by Brandon Yip.
1:10 of 1st period - Shot Misses the Net.
3:27 of 1st period - Wrist shot by Travis Zajac.
3:27 of 1st period - Stopped by Robin Lehner with a rebound.
3:41 of 1st period - Snap shot by Sergei Shirokov.
3:41 of 1st period - Shot Misses the Net.
4:25 of 1st period - Andrei Loktionov is hit by Jordan Eberle and loses puck.
5:04 of 1st period - Zack Kassian is hit by Bryce Lampman and loses puck.
5:16 of 1st period - Icing by Zach Bogosian.
5:17 of 1st period - Sean Monahan wins face-off versus Nicklas Backstrom in Sabres zone.
5:21 of 1st period - Icing by Evander Kane.
5:22 of 1st period - Nicklas Backstrom wins face-off versus Andrei Loktionov in Sabres zone.
5:23 of 1st period - Slapshot by Alex Pietrangelo.
5:23 of 1st period - Deflect By Jordan Eberle.
5:23 of 1st period - Shot Blocked by Randy Jones.
5:23 of 1st period - Puck is out of play.
5:24 of 1st period - Nicklas Backstrom wins face-off versus Andrei Loktionov in Sabres zone.
5:36 of 1st period - Icing by Jake Gardiner.
5:37 of 1st period - Andrei Loktionov wins face-off versus David Perron in Blues zone.
6:14 of 1st period - Wrist shot by Travis Zajac.
6:14 of 1st period - Stopped by Robin Lehner without a rebound.
6:15 of 1st period - Sean Monahan wins face-off versus Sam Gagner in Sabres zone.
6:28 of 1st period - Slapshot by Sam Gagner.
6:28 of 1st period - Stopped by Robin Lehner without a rebound.
6:29 of 1st period - Sergei Shirokov wins face-off versus Andrei Loktionov in Sabres zone.
6:42 of 1st period - Snap shot by Travis Zajac.
6:42 of 1st period - Stopped by Robin Lehner with a rebound.
6:44 of 1st period - Slapshot by Travis Zajac.
6:44 of 1st period - Shot Misses the Net.
6:46 of 1st period - Snap shot by Sergei Shirokov.
6:46 of 1st period - Shot Misses the Net.
7:01 of 1st period - Slapshot by Alex Pietrangelo.
7:01 of 1st period - Shot Misses the Net.
7:07 of 1st period - Wrist shot by Zack Kassian.
7:07 of 1st period - Goal by Zack Kassian - Blues : 0 - Sabres : 2.
7:08 of 1st period - Andrei Loktionov wins face-off versus Nicklas Backstrom in neutral zone.
7:11 of 1st period - Wrist shot by Ilya Kovalchuk.
7:11 of 1st period - Shot Misses the Net.
8:14 of 1st period - Sean Monahan is hit by Yann Sauvé and loses puck.
8:37 of 1st period - Snap shot by Evander Kane.
8:37 of 1st period - Deflect By Zack Kassian.
8:37 of 1st period - Shot Misses the Net.
8:37 of 1st period - Puck is out of play.
8:38 of 1st period - Nicklas Backstrom wins face-off versus Andrei Loktionov in Blues zone.
8:53 of 1st period - Snap shot by Ilya Kovalchuk.
8:53 of 1st period - Stopped by Ray Emery with a rebound.
9:05 of 1st period - Brandon Sutter is hit by Jake Gardiner and loses puck.
9:14 of 1st period - Travis Zajac is hit by Michael Kostka and loses puck.
9:37 of 1st period - Cody Ceci is hit by Andrei Loktionov and loses puck.
9:54 of 1st period - Jordan Eberle is hit by Mathew Dumba and loses puck.
10:07 of 1st period - Wrist shot by Patrick Kaleta.
10:07 of 1st period - Stopped by Robin Lehner with a rebound.
10:21 of 1st period - Cody Ceci is hit by Randy Jones and loses puck.
11:01 of 1st period - Snap shot by Travis Zajac.
11:01 of 1st period - Shot Misses the Net.
11:19 of 1st period - Slapshot by Matt Martin.
11:19 of 1st period - Shot Misses the Net.
12:00 of 1st period - Wrist shot by Evander Kane.
12:00 of 1st period - Stopped by Ray Emery without a rebound.
12:01 of 1st period - Sean Monahan wins face-off versus Travis Zajac in Blues zone.
12:10 of 1st period - Wrist shot by Travis Zajac.
12:10 of 1st period - Shot Misses the Net.
13:36 of 1st period - Zach Bogosian is hit by Travis Zajac and loses puck.
13:52 of 1st period - Jared Cowen is hit by Ted Purcell and loses puck.
14:20 of 1st period - Jake Gardiner is hit by Darren Reid.
15:06 of 1st period - Slapshot by Filip Forsberg.
15:06 of 1st period - Shot Misses the Net.
15:36 of 1st period - Wrist shot by David Perron.
15:36 of 1st period - Shot Blocked by Randy Jones.
15:52 of 1st period - Evander Kane is hit by Patrick Kaleta.
15:53 of 1st period - Icing by Evander Kane.
15:54 of 1st period - Sean Monahan wins face-off versus Sam Gagner in Sabres zone.
15:59 of 1st period - Wrist shot by Zach Bogosian.
15:59 of 1st period - Stopped by Ray Emery without a rebound.
16:00 of 1st period - Nicklas Backstrom wins face-off versus Ilya Kovalchuk in Blues zone.
16:35 of 1st period - Wrist shot by Sean Monahan.
16:35 of 1st period - Stopped by Ray Emery without a rebound.
16:36 of 1st period - Vincent Lecavalier wins face-off versus Travis Zajac in Blues zone.
16:49 of 1st period - Snap shot by Sergei Shirokov.
16:49 of 1st period - Stopped by Robin Lehner with a rebound.
17:44 of 1st period - Filip Forsberg is hit by Randy Jones.
17:56 of 1st period - Randy Jones is hit by Filip Forsberg and loses puck.
18:29 of 1st period - Zach Bogosian is hit by Jordan Eberle and loses puck.
Goals for this period are 0 for Blues vs 2 for Sabres.
Shots for this period are 7 for Blues vs 7 for Sabres.
2nd period
0:01 of 2nd period - Nicklas Backstrom wins face-off versus Andrei Loktionov in neutral zone.
2:00 of 2nd period - Snap shot by Brandon Sutter.
2:00 of 2nd period - Shot Misses the Net.
2:02 of 2nd period - Slapshot by Mathew Dumba.
2:02 of 2nd period - Shot Misses the Net.
2:12 of 2nd period - Patrick Kaleta is hit by Mathew Dumba and loses puck.
2:21 of 2nd period - Snap shot by Alex Pietrangelo.
2:21 of 2nd period - Deflect By Zach Bogosian.
2:21 of 2nd period - Goal by Alex Pietrangelo - Blues : 1 - Sabres : 2.
2:22 of 2nd period - Andrei Loktionov wins face-off versus Nicklas Backstrom in neutral zone.
2:29 of 2nd period - Wrist shot by Rob Scuderi.
2:29 of 2nd period - Stopped by Ray Emery with a rebound.
2:31 of 2nd period - Backhand shot by Rob Scuderi.
2:31 of 2nd period - Stopped by Ray Emery with a rebound.
2:33 of 2nd period - Snap shot by Michael Frolik.
2:33 of 2nd period - Stopped by Ray Emery with a rebound.
2:49 of 2nd period - Jordan Eberle is hit by Matt Martin and loses puck.
3:18 of 2nd period - Snap shot by Evander Kane.
3:18 of 2nd period - Stopped by Ray Emery with a rebound.
3:34 of 2nd period - Backhand shot by David Perron.
3:34 of 2nd period - Shot Misses the Net.
3:36 of 2nd period - Slapshot by Yann Sauvé.
3:36 of 2nd period - Shot Blocked by Jared Cowen.
3:48 of 2nd period - Snap shot by David Perron.
3:48 of 2nd period - Shot Misses the Net.
3:54 of 2nd period - Snap shot by David Perron.
3:54 of 2nd period - Deflect By Jordan Eberle.
3:54 of 2nd period - Shot Misses the Net.
3:54 of 2nd period - Puck is out of play.
3:55 of 2nd period - Travis Zajac wins face-off versus Andrei Loktionov in Sabres zone.
4:04 of 2nd period - Slapshot by Alex Pietrangelo.
4:04 of 2nd period - Shot Hit the Post.
4:12 of 2nd period - Slapshot by Michael Frolik.
4:12 of 2nd period - Stopped by Ray Emery with a rebound.
4:23 of 2nd period - Minor Penalty to Alex Pietrangelo for Hooking.
4:24 of 2nd period - Travis Zajac wins face-off versus Sean Monahan in Blues zone.
5:21 of 2nd period - Zach Bogosian is hit by Jake Gardiner and loses puck.
5:28 of 2nd period - Slapshot by Sam Gagner.
5:28 of 2nd period - Stopped by Robin Lehner without a rebound.
5:29 of 2nd period - Sean Monahan wins face-off versus Travis Zajac in Sabres zone.
5:33 of 2nd period - Off-side.
5:34 of 2nd period - Travis Zajac wins face-off versus Sean Monahan in neutral zone.
5:37 of 2nd period - Sean Monahan is hit by Jordan Eberle and loses puck.
6:23 of 2nd period - Penalty to Alex Pietrangelo is over, Alex Pietrangelo is back on ice.
6:32 of 2nd period - Snap shot by Matt Martin.
6:32 of 2nd period - Stopped by Ray Emery with a rebound.
6:34 of 2nd period - Wrist shot by Matt Martin.
6:34 of 2nd period - Shot Blocked by Bryce Lampman.
6:36 of 2nd period - Snap shot by Vincent Lecavalier.
6:36 of 2nd period - Deflect By Travis Zajac.
6:36 of 2nd period - Stopped by Ray Emery without a rebound.
6:37 of 2nd period - Andrei Loktionov wins face-off versus Ted Purcell in Blues zone.
6:46 of 2nd period - Backhand shot by Ilya Kovalchuk.
6:46 of 2nd period - Shot Misses the Net.
6:48 of 2nd period - Snap shot by Zach Bogosian.
6:48 of 2nd period - Shot Misses the Net.
7:07 of 2nd period - Zack Kassian is hit by Maxim Lapierre and loses puck.
7:24 of 2nd period - Mathew Dumba is hit by Jake Gardiner and loses puck.
8:13 of 2nd period - Backhand shot by Zack Kassian.
8:13 of 2nd period - Stopped by Ray Emery with a rebound.
8:15 of 2nd period - Wrist shot by Zack Kassian.
8:15 of 2nd period - Sabres goal is going for a video replay.
8:15 of 2nd period - The goal is refused. The goalkeeper has been pushed into the net together with the puck after making a save..
8:16 of 2nd period - Nicklas Backstrom wins face-off versus Sean Monahan in Blues zone.
9:12 of 2nd period - Wrist shot by Vincent Lecavalier.
9:12 of 2nd period - Shot Blocked by Alex Pietrangelo.
9:27 of 2nd period - Icing by Matt Martin.
9:28 of 2nd period - Maxim Lapierre wins face-off versus Vincent Lecavalier in Sabres zone.
9:31 of 2nd period - Snap shot by Filip Forsberg.
9:31 of 2nd period - Stopped by Robin Lehner with a rebound.
9:58 of 2nd period - Snap shot by Matt Martin.
9:58 of 2nd period - Shot Misses the Net.
10:00 of 2nd period - Wrist shot by Matt Martin.
10:00 of 2nd period - Shot Misses the Net.
10:06 of 2nd period - Snap shot by Vincent Lecavalier.
10:06 of 2nd period - Shot Misses the Net.
10:08 of 2nd period - Slapshot by Michael Kostka.
10:08 of 2nd period - Deflect By Vincent Lecavalier.
10:08 of 2nd period - Shot Misses the Net.
10:08 of 2nd period - Puck is out of play.
10:09 of 2nd period - Andrei Loktionov wins face-off versus Travis Zajac in Blues zone.
10:14 of 2nd period - Snap shot by Michael Frolik.
10:14 of 2nd period - Stopped by Ray Emery with a rebound.
10:22 of 2nd period - Zach Bogosian is hit by Sergei Shirokov and loses puck.
11:18 of 2nd period - Wrist shot by Zack Kassian.
11:18 of 2nd period - Shot Blocked by Jake Gardiner.
11:28 of 2nd period - Maxim Lapierre is hit by Evander Kane and loses puck.
11:53 of 2nd period - Wrist shot by Maxim Lapierre.
11:53 of 2nd period - Stopped by Robin Lehner without a rebound.
11:54 of 2nd period - Andrei Loktionov wins face-off versus Nicklas Backstrom in Sabres zone.
12:43 of 2nd period - Rob Scuderi is hit by Sergei Shirokov and loses puck.
12:54 of 2nd period - Snap shot by Sergei Shirokov.
12:54 of 2nd period - Stopped by Robin Lehner without a rebound.
12:55 of 2nd period - Nicklas Backstrom wins face-off versus Vincent Lecavalier in Sabres zone.
12:56 of 2nd period - Snap shot by Jordan Eberle.
12:56 of 2nd period - Shot Misses the Net.
13:47 of 2nd period - Cody Ceci is hit by Darren Reid and loses puck.
14:20 of 2nd period - Snap shot by Vincent Lecavalier.
14:20 of 2nd period - Deflect By Matt Martin.
14:20 of 2nd period - Stopped by Ray Emery without a rebound.
14:21 of 2nd period - Nicklas Backstrom wins face-off versus Vincent Lecavalier in Blues zone.
14:38 of 2nd period - Snap shot by Bryce Lampman.
14:38 of 2nd period - Stopped by Robin Lehner without a rebound.
14:39 of 2nd period - Ilya Kovalchuk wins face-off versus Travis Zajac in Sabres zone.
14:46 of 2nd period - Wrist shot by Ilya Kovalchuk.
14:46 of 2nd period - Stopped by Ray Emery without a rebound.
14:47 of 2nd period - Andrei Loktionov wins face-off versus Travis Zajac in Blues zone.
14:52 of 2nd period - Wrist shot by Michael Frolik.
14:52 of 2nd period - Shot Blocked by Jake Gardiner.
15:38 of 2nd period - Off-side.
15:39 of 2nd period - Nicklas Backstrom wins face-off versus Sean Monahan in neutral zone.
15:44 of 2nd period - Snap shot by Nicklas Backstrom.
15:44 of 2nd period - Stopped by Robin Lehner with a rebound.
15:50 of 2nd period - Snap shot by Jordan Eberle.
15:50 of 2nd period - Shot Misses the Net.
15:52 of 2nd period - Slapshot by Bryce Lampman.
15:52 of 2nd period - Stopped by Robin Lehner without a rebound.
15:53 of 2nd period - Nicklas Backstrom wins face-off versus Andrei Loktionov in Sabres zone.
16:32 of 2nd period - Wrist shot by Nicklas Backstrom.
16:32 of 2nd period - Stopped by Robin Lehner without a rebound.
16:33 of 2nd period - Sean Monahan wins face-off versus Travis Zajac in Sabres zone.
18:18 of 2nd period - Randy Jones is hit by Patrick Kaleta.
18:52 of 2nd period - Wrist shot by Nicklas Backstrom.
18:52 of 2nd period - Shot Misses the Net.
19:11 of 2nd period - Wrist shot by Travis Zajac.
19:11 of 2nd period - Stopped by Robin Lehner without a rebound.
19:12 of 2nd period - Nicklas Backstrom wins face-off versus Sean Monahan in Sabres zone.
19:43 of 2nd period - Icing by Alex Pietrangelo.
19:44 of 2nd period - Vincent Lecavalier wins face-off versus Travis Zajac in Blues zone.
19:45 of 2nd period - Wrist shot by Matt Martin.
19:45 of 2nd period - Shot Misses the Net.
19:48 of 2nd period - Icing by Alex Pietrangelo.
19:49 of 2nd period - Andrei Loktionov wins face-off versus Travis Zajac in Blues zone.
19:54 of 2nd period - Wrist shot by Andrei Loktionov.
19:54 of 2nd period - Deflect By Sergei Shirokov.
19:54 of 2nd period - Stopped by Ray Emery with a rebound.
19:56 of 2nd period - Slapshot by Zach Bogosian.
19:56 of 2nd period - Shot Blocked by Travis Zajac.
19:58 of 2nd period - Wrist shot by Michael Frolik.
19:58 of 2nd period - Shot Misses the Net.
Goals for this period are 1 for Blues vs 0 for Sabres.
Shots for this period are 10 for Blues vs 13 for Sabres.
3rd period
0:01 of 3rd period - Andrei Loktionov wins face-off versus Nicklas Backstrom in neutral zone.
0:38 of 3rd period - Slapshot by Jake Gardiner.
0:38 of 3rd period - Stopped by Robin Lehner with a rebound.
0:40 of 3rd period - Slapshot by Bryce Lampman.
0:40 of 3rd period - Stopped by Robin Lehner without a rebound.
0:41 of 3rd period - Michael Frolik wins face-off versus Sam Gagner in Sabres zone.
1:17 of 3rd period - Off-side.
1:18 of 3rd period - Travis Zajac wins face-off versus Andrei Loktionov in neutral zone.
1:29 of 3rd period - Snap shot by Sergei Shirokov.
1:29 of 3rd period - Stopped by Robin Lehner with a rebound.
1:45 of 3rd period - Alex Pietrangelo is hit by Evander Kane and loses puck.
1:54 of 3rd period - Wrist shot by Evander Kane.
1:54 of 3rd period - Shot Misses the Net.
2:22 of 3rd period - Off-side.
2:23 of 3rd period - Brandon Sutter wins face-off versus Travis Zajac in neutral zone.
2:25 of 3rd period - Zach Bogosian is hit by Yann Sauvé and loses puck.
2:40 of 3rd period - Snap shot by Sergei Shirokov.
2:40 of 3rd period - Stopped by Robin Lehner without a rebound.
2:41 of 3rd period - Andrei Loktionov wins face-off versus Nicklas Backstrom in Sabres zone.
2:41 of 3rd period - Andrei Loktionov is hit by David Perron.
2:47 of 3rd period - Snap shot by Michael Frolik.
2:47 of 3rd period - Stopped by Ray Emery with a rebound.
3:07 of 3rd period - Michael Kostka is hit by Yann Sauvé and loses puck.
3:31 of 3rd period - Wrist shot by Matt Martin.
3:31 of 3rd period - Shot Misses the Net.
3:33 of 3rd period - Snap shot by Darcy Hordichuk.
3:33 of 3rd period - Shot Misses the Net.
3:53 of 3rd period - Snap shot by Maxim Lapierre.
3:53 of 3rd period - Stopped by Robin Lehner without a rebound.
3:54 of 3rd period - Nicklas Backstrom wins face-off versus Sean Monahan in Sabres zone.
4:18 of 3rd period - Minor Penalty to Alex Pietrangelo for Tripping.
4:19 of 3rd period - Travis Zajac wins face-off versus Sean Monahan in Blues zone.
5:07 of 3rd period - Andrei Loktionov is hit by Jake Gardiner and loses puck.
6:18 of 3rd period - Penalty to Alex Pietrangelo is over, Alex Pietrangelo is back on ice.
6:24 of 3rd period - Wrist shot by Matt Martin.
6:24 of 3rd period - Stopped by Ray Emery without a rebound.
6:25 of 3rd period - Nicklas Backstrom wins face-off versus Vincent Lecavalier in Blues zone.
6:30 of 3rd period - Snap shot by Jordan Eberle.
6:30 of 3rd period - Stopped by Robin Lehner with a rebound.
6:32 of 3rd period - Snap shot by David Perron.
6:32 of 3rd period - Shot Misses the Net.
6:34 of 3rd period - Wrist shot by Nicklas Backstrom.
6:34 of 3rd period - Stopped by Robin Lehner with a rebound.
6:45 of 3rd period - Minor Penalty to Mathew Dumba for Tripping.
6:46 of 3rd period - Matt Martin wins face-off versus Nicklas Backstrom in Sabres zone.
6:46 of 3rd period - Matt Martin is hit by David Perron.
6:54 of 3rd period - Jake Gardiner is hit by Zach Bogosian and loses puck.
7:23 of 3rd period - Snap shot by Sergei Shirokov.
7:23 of 3rd period - Goal by Sergei Shirokov - Blues : 2 - Sabres : 2.
7:24 of 3rd period - Nicklas Backstrom wins face-off versus Andrei Loktionov in neutral zone.
7:47 of 3rd period - Minor Penalty to Ilya Kovalchuk for Holding.
7:48 of 3rd period - Brandon Sutter wins face-off versus Nicklas Backstrom in Sabres zone.
8:09 of 3rd period - Michael Kostka is hit by Nicklas Backstrom and loses puck.
8:26 of 3rd period - Snap shot by Sergei Shirokov.
8:26 of 3rd period - Shot Blocked by Zach Bogosian.
8:28 of 3rd period - Slapshot by Alex Pietrangelo.
8:28 of 3rd period - Shot Blocked by Michael Kostka.
8:30 of 3rd period - Slapshot by Jake Gardiner.
8:30 of 3rd period - Shot Blocked by Zack Kassian.
9:47 of 3rd period - Penalty to Ilya Kovalchuk is over, Ilya Kovalchuk is back on ice.
9:53 of 3rd period - Snap shot by Ilya Kovalchuk.
9:53 of 3rd period - Shot Misses the Net.
10:18 of 3rd period - Slapshot by Travis Zajac.
10:18 of 3rd period - Stopped by Robin Lehner without a rebound.
10:19 of 3rd period - Travis Zajac wins face-off versus Brandon Sutter in Sabres zone.
10:28 of 3rd period - Snap shot by Jamie Benn.
10:28 of 3rd period - Shot Blocked by Randy Jones.
10:58 of 3rd period - Snap shot by David Perron.
10:58 of 3rd period - Stopped by Robin Lehner without a rebound.
10:59 of 3rd period - Nicklas Backstrom wins face-off versus Sean Monahan in Sabres zone.
11:18 of 3rd period - Minor Penalty to Nick Leddy for Holding.
11:19 of 3rd period - Travis Zajac wins face-off versus Andrei Loktionov in Blues zone.
11:19 of 3rd period - Travis Zajac is hit by Evander Kane.
11:33 of 3rd period - Snap shot by Evander Kane.
11:33 of 3rd period - Stopped by Ray Emery with a rebound.
11:55 of 3rd period - Slapshot by Zach Bogosian.
11:55 of 3rd period - Stopped by Ray Emery with a rebound.
11:57 of 3rd period - Slapshot by Zach Bogosian.
11:57 of 3rd period - Shot Misses the Net.
11:59 of 3rd period - Snap shot by Ilya Kovalchuk.
11:59 of 3rd period - Shot Misses the Net.
12:42 of 3rd period - Off-side.
12:43 of 3rd period - Patrick Kaleta wins face-off versus Andrei Loktionov in neutral zone.
12:46 of 3rd period - Evander Kane is hit by Bryce Lampman and loses puck.
13:05 of 3rd period - Minor Penalty to Patrick Kaleta for Delaying the game.
13:06 of 3rd period - Sean Monahan wins face-off versus Maxim Lapierre in Blues zone.
13:11 of 3rd period - Snap shot by Sean Monahan.
13:11 of 3rd period - Shot Misses the Net.
13:13 of 3rd period - Slapshot by Ilya Kovalchuk.
13:13 of 3rd period - Goal by Ilya Kovalchuk - Blues : 2 - Sabres : 3.
13:14 of 3rd period - Travis Zajac wins face-off versus Sean Monahan in neutral zone.
13:19 of 3rd period - Wrist shot by Jordan Eberle.
13:19 of 3rd period - Stopped by Robin Lehner with a rebound.
13:21 of 3rd period - Snap shot by Travis Zajac.
13:21 of 3rd period - Shot Misses the Net.
15:05 of 3rd period - Penalty to Patrick Kaleta is over, Patrick Kaleta is back on ice.
15:19 of 3rd period - Wrist shot by Darren Reid.
15:19 of 3rd period - Stopped by Ray Emery without a rebound.
15:20 of 3rd period - Nicklas Backstrom wins face-off versus Darcy Hordichuk in Blues zone.
15:20 of 3rd period - Nicklas Backstrom is hit by Brandon Sutter.
15:46 of 3rd period - Jordan Eberle is hit by Randy Jones and loses puck.
16:53 of 3rd period - Wrist shot by Maxim Lapierre.
16:53 of 3rd period - Deflect By Filip Forsberg.
16:53 of 3rd period - Stopped by Robin Lehner without a rebound.
16:54 of 3rd period - Sean Monahan wins face-off versus Sam Gagner in Sabres zone.
17:44 of 3rd period - Andrei Loktionov is hit by Travis Zajac and loses puck.
17:51 of 3rd period - Wrist shot by Sergei Shirokov.
17:51 of 3rd period - Shot Misses the Net.
17:53 of 3rd period - Snap shot by Sergei Shirokov.
17:53 of 3rd period - Shot Misses the Net.
18:07 of 3rd period - Snap shot by Andrei Loktionov.
18:07 of 3rd period - Deflect By Michael Frolik.
18:07 of 3rd period - Shot Blocked by Bryce Lampman.
18:07 of 3rd period - Puck is out of play.
18:08 of 3rd period - Sam Gagner wins face-off versus Vincent Lecavalier in Blues zone.
18:12 of 3rd period - Alex Pietrangelo is hit by Matt Martin and loses puck.
18:45 of 3rd period - Blues, Ray Emery is pulled from the net.
18:57 of 3rd period - Nicklas Backstrom is hit by Rob Scuderi and loses puck.
19:12 of 3rd period - Wrist shot by Evander Kane.
19:12 of 3rd period - Shot Misses the Net.
19:14 of 3rd period - Slapshot by Michael Frolik.
19:14 of 3rd period - Shot Misses the Net.
19:16 of 3rd period - Snap shot by Brandon Sutter.
19:16 of 3rd period - Goal by Brandon Sutter - Blues : 2 - Sabres : 4.
19:16 of 3rd period - Ray Emery from Blues was sent back in the game.
19:17 of 3rd period - Vincent Lecavalier wins face-off versus Sam Gagner in neutral zone.
Goals for this period are 1 for Blues vs 2 for Sabres.
Shots for this period are 12 for Blues vs 7 for Sabres.
Back to the Top